AoeStats
← wolololigma

Arena

506707896Analyzed
4v4 RM · 17d ago on Sep 14, 2026· 35m 46s· 8 players
Game mode
Random Map
Map size
Large (8 player)
Population
200
Speed
Normal
Resources
Standard
Victory
Conquest
Starting age
Dark Age
Ending age
Imperial Age
RankedLock teamsTeams togetherTeam positionsShared explorationLock speedFull tech treeHidden civsTurbo modeCheats
Victory
Defeat
🇺🇸 Ethiopians · United States
1110
+15
🇨🇴 Vietnamese · Colombia
1064
+17
🇪🇸 Dravidians · Spain
1042
+18
🇫🇷 Goths · France
961
+22
🇪🇸 Poles · Spain
1106
-19
🇪🇸 Italians · Spain
1106
-19
🇧🇪 Britons · Belgium
1103
-19
🇲🇾 Khmer · Malaysia
1026
-15
3loi1123
11:32 Feudal Age
13:22 Double-Bit Axe
16:14 Castle Age
14:06 Horse Collar
17:25 Bow Saw
18:59 Heavy Plow
21:45 Loom
21:45 Town Watch
22:36 Wheelbarrow
23:23 Squires
feanor111
10:23 Feudal Age
8:44 Loom
10:29 Feudal Age
14:45 Castle Age
12:51 Double-Bit Axe
16:15 Wheelbarrow
15:36 Fletching
15:46 Padded Archer Armor
15:57 Padded Archer Armor
19:48 Bow Saw
24:27 Wheelbarrow
25:56 Bodkin Arrow
25:56 Pikeman
26:36 Squires
27:15 Leather Archer Armor
27:23 Ballistics
30:55 Forging
Turan
9:26 Feudal Age
12:53 Castle Age
11:37 Double-Bit Axe
20:17 Wheelbarrow
19:50 Loom
22:44 Stone Mining
22:44 Town Watch
24:34 Bow Saw
28:23 Imperial Age
27:38 Town Patrol
29:55 Hand Cart
30:05 Conscription
30:10 Gold Mining
32:06 Chemistry
32:54 Fortified Wall
33:52 Stone Shaft Mining
33:57 Gold Shaft Mining
36:14 Double Crossbow
Raul Selección
6:28 Loom
10:37 Feudal Age
11:25 Double-Bit Axe
16:27 Castle Age
23:25 Fletching
23:36 Horse Collar
24:17 Padded Archer Armor
pixoum
10:58 Feudal Age
12:15 Wheelbarrow
15:01 Castle Age
13:00 Double-Bit Axe
13:53 Horse Collar
21:39 Hand Cart
22:29 Bow Saw
23:12 Heavy Plow
24:35 Forging
24:26 Scale Mail Armor
25:58 Iron Casting
26:50 Squires
27:01 Loom
30:34 Imperial Age
29:15 Iron Casting
29:47 Anarchy
30:29 Chain Mail Armor
31:40 Conscription
30:50 Elite Huskarl
32:38 Blast Furnace
Anfaun
10:50 Feudal Age
12:07 Double-Bit Axe
14:37 Castle Age
13:10 Horse Collar
15:52 Bow Saw
16:03 Gold Mining
20:46 Heavy Plow
22:28 Wheelbarrow
23:48 Hand Cart
28:58 Imperial Age
26:33 Fletching
27:16 Thumb Ring
27:56 Ballistics
28:27 Bodkin Arrow
28:55 Masonry
29:43 Padded Archer Armor
29:42 Elite Elephant Archer
30:40 Leather Archer Armor
30:26 Bracer
30:18 Stone Mining
32:23 Chemistry
31:45 Husbandry
31:47 Town Watch
33:40 Ring Archer Armor
33:30 Siege Elephant
36:39 Two-Man Saw
Tutmosis
10:11 Feudal Age
10:58 Double-Bit Axe
15:10 Castle Age
14:03 Horse Collar
14:31 Gold Mining
15:50 Wheelbarrow
16:06 Heavy Plow
22:19 Hand Cart
27:08 Bow Saw
35:02 Imperial Age
32:20 Town Watch
34:50 Stone Mining
35:40 Town Patrol
wolololigma
3:00 Loom
10:55 Feudal Age
11:29 Double-Bit Axe
11:34 Horse Collar
19:15 Castle Age
18:00 Gold Mining
18:04 Stone Mining
19:50 Wheelbarrow
20:34 Bow Saw
25:58 Arson
26:17 Squires
26:32 Forging
32:13 Imperial Age
29:24 Elite Skirmisher
31:17 Fletching
31:27 Padded Archer Armor
32:48 Ballistics
32:27 Murder Holes
33:21 Conscription
32:25 Elite Shotel Warrior
34:17 Chemistry
Connection lost

Rejoining the realm…

Still unreachable

The connection could not be restored.

Session expired

The server has moved on; the page needs a fresh start.